 Dungeon Crawl Stone Soup version 0.31-a0-496-g6f97920a28 (webtiles) character file.

Game seed: 4869687423263258717

3004 Fodor the Protected (level 9, -3/79 HPs)
             Began as a Minotaur Fighter on Aug 7, 2023.
             Was an Initiate of Gozag.
             Slain by a cyclops (14 damage)
             ... on level 8 of the Dungeon on Aug 8, 2023.
             The game lasted 00:42:01 (7382 turns).

Fodor the Protected (Minotaur Fighter)              Turns: 7382, Time: 00:42:02

Health: -3/79      AC: 14    Str: 25    XL:     9   Next: 54%
Magic:  8/8        EV:  9    Int:  5    God:    Gozag
Gold:   972        SH:  5    Dex: 10    Spells: 8/8 levels left

rFire   . . .        a - +4 war axe (heavy)
rCold   . . .        c - +0 buckler
rNeg    . . .        z - +0 chain mail
rPois   .            (helmet restricted)
rElec   .            (no cloak)
rCorr   .            (no gloves)
SInv    .            p - +2 pair of boots {Fly}
Will    .....        (no amulet) Stlth
                     (no ring)
HPRegen 0.33/turn    (no ring)
MPRegen 0.11/turn

%: no passive effects
@: flying
A: horns 2, retaliatory headbutt
a: Renounce Religion, Potion Petition, Call Merchant, Bribe Branch


You were on level 8 of the Dungeon.
You worshipped Gozag.
Gozag was pleased with you.
You visited 2 branches of the dungeon, and saw 9 of its levels.
You also visited: Ossuary.

You collected 1005 gold pieces.
You paid 33 gold pieces to Gozag.

Inventory:

Hand Weapons
 a - a +4 heavy war axe (weapon)
 x - a +3 great sword
Missiles
 e - 4 curare-tipped darts (quivered)
 l - 5 javelins
 E - 31 poisoned darts
Armour
 c - a +0 buckler (worn)
 p - a +2 pair of boots of flying (worn)
 z - a +0 chain mail (worn)
Wands
 r - a wand of mindburst (12)
 B - a wand of light (6)
 F - a wand of flame (25)
Scrolls
 f - 2 scrolls of revelation {unknown}
 j - 2 scrolls of immolation {unknown}
 o - 6 scrolls of teleportation
 q - 4 scrolls of fog
 t - a scroll of enchant armour {unknown}
 y - 4 scrolls of poison
 C - a scroll of identify
 D - a scroll of silence {unknown}
Potions
 b - a potion of mutation {unknown}
 d - 2 potions of might
 g - a potion of berserk rage {unknown}
 h - 2 potions of attraction {unknown}
 i - a potion of heal wounds
 k - 2 potions of degeneration {unknown}
 m - a potion of ambrosia {unknown}
 n - 2 potions of magic {unknown}
 s - 3 potions of haste {unknown}
 u - a potion of enlightenment {unknown}
 v - 3 potions of brilliance {unknown}
 w - 2 potions of lignification {unknown}
 A - a potion of cancellation {unknown}


   Skills:
 + Level 7.1 Fighting
 + Level 3.3 Long Blades
 + Level 8.4(9.0) Axes
 + Level 4.5(7.1) Maces & Flails
 + Level 1.2 Throwing
 + Level 9.1 Armour
 + Level 3.1 Dodging
 + Level 0.1 Stealth
 + Level 6.4 Shields


You had 8 spell levels left.
You didn't know any spells.
Your spell library contained the following spells:

 Spells                   Type           Power      Damage    Failure   Level
 Kiss of Death            Conj/Necr      0%         2d5       95%         1
 Inner Flame              Hex/Fire       0%         N/A       100%        3
 Ozocubu's Armour         Ice            0%         N/A       100%        3
 Vampiric Draining        Necr           0%         2d6       100%        3
 Iskenderun's Battlesphe  Conj           0%         2d6       100%        5
 Yara's Violent Unravell  Hex/Tmut       0%         3d3       100%        5
 Leda's Unmaking          Conj/Erth      0%         9d1       100%        6
 Enfeeble                 Hex            0%         N/A       100%        7
 Spellforged Servitor     Conj/Summ      0%         N/A       100%        7
 Animate Dead             Necr           Unusable   N/A       N/A         4

Dungeon Overview and Level Annotations

Branches:
Dungeon (8/15)             Temple (1/1) D:4         Ossuary (visited)
   Lair: D:8-11

Altars:
Ashenzari
Cheibriados
Dithmenos
Fedhas
Gozag
Hepliaklqana
Kikubaaqudgha
Nemelex Xobeh
Okawaru
Qazlal
Sif Muna
Trog
Vehumet
Wu Jian
Xom
Zin
The Shining One


Innate Abilities, Weirdness & Mutations

You have a pair of horns on your head.
You reflexively headbutt those who attack you in melee.


Message History

There is a stone staircase leading down here.
Found 13 gold pieces.
You now have 961 gold pieces (gained 13).
A shadow imp comes into view.
The shadow imp closely misses you.
You barely miss the shadow imp. The shadow imp misses you.
You furiously retaliate!
You headbutt the shadow imp!
You kill the shadow imp!
You now have 964 gold pieces (gained 3).
A jelly comes into view.
The jelly quivers.
You block the jelly's attack. The jelly hits you but does no damage.
You slash the jelly!
Your hands burn!
Your headbutt misses the jelly.
The jelly is heavily wounded.
You block the jelly's attack. The jelly barely misses you.
You slash the jelly!
You kill the jelly!
You now have 972 gold pieces (gained 8).
A centaur warrior comes into view.
The centaur warrior shouts!
The centaur warrior wields a +0 orcbow.
The centaur warrior shoots an arrow.
The arrow hits you!
You hear a shout!
A cyclops comes into view.
The cyclops shouts!
The cyclops moves out of view.
The cyclops throws a large rock.
The large rock hits you!! The cyclops hits you!!
You hit the cyclops but do no damage. The cyclops hits you!
* * * LOW HITPOINT WARNING * * *
You slice the cyclops!!
The cyclops is moderately wounded.
You block the cyclops's attack.
You barely miss the cyclops.
You headbutt the cyclops, but do no damage.
The cyclops is moderately wounded.
The cyclops hits you!
You die...
Your body crumbles into a pile of gold.

#..##.......
#..##....... #.##......
#........
#.....##############
##...................
####......#.##..........
$
#....#....#.....##.....#
##.##.....#.##..@Cc.....
#.##.#...#..#..##..#..#
#.##..#..#..##..# .#
#..##.#..#...#..# ..
##.##.#..#...##.. .#
#..#.#..# ..# # #...#..#
#.. ##....## ..# ##...##


You could see a centaur warrior and a cyclops.

Vanquished Creatures
  Pikel (D:5)
  Eustachio (D:5)
  Menkaure (D:7)
  Edmund (D:5)
  Duvessa (D:6)
  An ice beast (D:6)
  An orc warrior (D:6)
  An ogre (D:7)
  2 phantoms
  2 kobold brigands
  A bullfrog (D:6)
  A scorpion (D:7)
  5 water moccasin zombies (Ossuary)
  5 wights
  Dowan (D:6)
  3 killer bees (D:7)
  A crimson imp (D:7)
  3 centaur zombies (Ossuary)
  A bullfrog zombie (Ossuary)
  3 jellies
  2 hounds (D:5)
  An orc priest (D:6)
  A scorpion zombie (Ossuary)
  An iguana (D:6)
  An orc wizard (D:6)
  10 adders
  A shadow imp (D:8)
  2 white imps
  An ufetubus (D:4)
  3 worms
  2 adder zombies (Ossuary)
  5 dart slugs
  10 orcs
  5 endoplasms
  4 giant cockroaches
  A gnoll zombie (Ossuary)
  11 goblins
  5 hobgoblins
  3 jackals (D:4)
  14 kobolds
  2 quokkas
  6 ball pythons
  6 bats
  3 frilled lizards
  2 goblin zombies (Ossuary)
  10 hobgoblin zombies (Ossuary)
  4 rats
152 creatures vanquished.

Notes
Turn   | Place    | Note
-------+----------+-------------------------------------------
     0 | D:1      | Fodor the Minotaur Fighter began the quest for the Orb.
     0 | D:1      | Reached XP level 1. HP: 19/19 MP: 0/0
   192 | D:1      | Reached XP level 2. HP: 24/27 MP: 1/1
   205 | D:1      | Got the Lessons on Cold Corpses
   535 | D:2      | Reached skill level 4 in Armour
   880 | D:2      | Reached XP level 3. HP: 30/33 MP: 2/2
  1352 | D:2      | Found a faded altar of an unknown god.
  1752 | D:3      | Reached XP level 4. HP: 40/40 MP: 3/3
  1795 | D:3      | Reached skill level 1 in Dodging
  2175 | D:3      | Found a shimmering altar of Xom.
  2503 | D:4      | Found a staircase to the Ecumenical Temple.
  2514 | Temple   | Entered the Ecumenical Temple
  2543 | Temple   | Became a worshipper of Gozag Ym Sagoz the Greedy
  2778 | D:4      | Found a sand-covered staircase.
  2784 | Ossuary  | Entered an ossuary
  2836 | Ossuary  | Reached XP level 5. HP: 27/46 MP: 4/4
  2938 | Ossuary  | Reached skill level 5 in Shields
  3004 | Ossuary  | Reached skill level 5 in Armour
  3019 | Ossuary  | Reached XP level 6. HP: 47/53 MP: 5/5
  3212 | Ossuary  | Reached XP level 7. HP: 40/60 MP: 6/6
  3303 | Ossuary  | Noticed a silent spectre
  3573 | D:4      | Reached skill level 6 in Armour
  4213 | D:5      | Entered Level 5 of the Dungeon
  4447 | D:5      | Upgraded the game from 0.31-a0-486-g8d68a81214 to
                  | 0.31-a0-496-g6f97920a28
  4527 | D:5      | Noticed Eustachio
  4548 | D:5      | Reached skill level 5 in Fighting
  4548 | D:5      | Reached skill level 1 in Axes
  4560 | D:5      | Killed Eustachio
  4730 | D:5      | Noticed Edmund
  4734 | D:5      | Killed Edmund
  4762 | D:5      | Reached XP level 8. HP: 63/68 MP: 7/7
  4865 | D:5      | Noticed Pikel
  4880 | D:5      | Killed Pikel
  4881 | D:5      | Reached skill level 5 in Axes
  4881 | D:5      | Reached skill level 7 in Armour
  5479 | D:6      | Noticed Duvessa
  5479 | D:6      | Noticed Dowan
  5485 | D:6      | Killed Duvessa
  5488 | D:6      | Killed Dowan
  5489 | D:6      | Reached skill level 8 in Armour
  5532 | D:6      | Reached XP level 9. HP: 74/75 MP: 8/8
  6189 | D:6      | Found a stormy altar of Qazlal.
  6280 | D:6      | Found an ancient bone altar of Kikubaaqudgha.
  6366 | D:7      | Reached skill level 1 in Throwing
  6600 | D:7      | Found a transporter.
  6650 | D:7      | Noticed Menkaure
  6653 | D:7      | Killed Menkaure
  6693 | D:7      | Reached skill level 9 in Armour
  6696 | D:7      | Found a shadowy altar of Dithmenos.
  6960 | D:7      | Found a transporter.
  7374 | D:8      | Noticed a centaur warrior
  7375 | D:8      | Noticed a cyclops
  7382 | D:8      | Slain by a cyclops

Illustrated notes

Levels and vault maps discovered:
D:1:      nzn_arrival_crosshair, layout_rooms
D:2:      layout_basic, shapermc_ecumenical_altar_hornbeckon
D:3:      layout_basic, mainiacjoe_overflow_alcove_2
D:4:      layout_basic, temple_pool_b, nicolae_ossuary_entry_plus,
          minmay_ruptured
D:5:      layout_basic, hangedman_decor_riveting, uniq_eustachio, uniq_pikel,
          uniq_edmund
D:6:      layout_cave_pods, kiku_gazebo_pond_becter,
          lemuel_coloured_pillars_altar, dreamdust_princess_corridor,
          minivault_25, uniq_duvessa
D:7:      gammafunk_steamed_eel, layout_basic, old_standard_altar,
          minmay_fire_ice_demons, uniq_menkaure
D:8:      minmay_tri_box, layout_rooms, special_room [special_room_kobold]
Temple:   compressed_dpeg_triangle_lava_temple

Skill      XL: |  1  2  3  4  5  6  7  8  9 |
---------------+----------------------------+-----
Shields        | 4 5 6 |  6.4
Armour         | 4 5 6 8 9 |  9.1
Fighting       | 4 5 6 7 |  7.1
Long Blades    | 3 |  3.3
Dodging        | 1 2 3 |  3.1
Maces & Flails | 2 3 4 |  4.5
Axes           | 3 6 8 |  8.4
Throwing       | 1 |  1.2
Stealth        | |  0.1

Action                     |  1- 3 |  4- 6 |  7- 9 || total
---------------------------+-------+-------+-------++-------
  Melee: Long sword        |    90 |    16 |       ||   106
         Headbutt          |     8 |    28 |    19 ||    55
         Flail             |       |   114 |     2 ||   116
         War axe           |       |       |   158 ||   158
  Throw: Dart              |       |       |     5 ||     5
    Use: Scroll            |       |       |    10 ||    10
         Potion            |       |       |     5 ||     5
   Stab: Distracted        |       |     1 |       ||     1
 Armour: Scale mail        |    72 |   124 |    22 ||   218
         Chain mail        |       |       |   106 ||   106
  Dodge: Dodged            |    61 |   132 |   113 ||   306
  Block: Buckler           |    37 |    55 |    55 ||   147

Table legend: (Time is in decaauts)
 A = Elapsed time spent in this place.
 B = Non-inter-level travel time spent in this place.
 C = Inter-level travel time spent in this place.
 D = Time resting spent in this place.
 E = Time spent auto-exploring this place.
 F = Levels seen in this place.
 G = Mean time per level.
                   A        B        C        D        E       F      G
               +--------+--------+--------+--------+--------+-----+--------+
         Total |   7554 |   7303 |    251 |   1342 |      0 |  10 |  755.4 |
       Dungeon |   6913 |   6662 |    251 |   1066 |      0 |   8 |  864.1 |
        Temple |     44 |     44 |      0 |      0 |      0 |   1 |   44.0 |
       Ossuary |    596 |    596 |      0 |    276 |      0 |   1 |  596.0 |
               +--------+--------+--------+--------+--------+-----+--------+

Top non-repeatable levels by time:
     D:6: 1289 daAuts
     D:2: 1224 daAuts
     D:4: 1144 daAuts
     D:5: 907 daAuts
     D:7: 900 daAuts
     D:3: 775 daAuts
 Ossuary: 596 daAuts
     D:1: 517 daAuts
     D:8: 154 daAuts
  Temple: 44 daAuts
